 Dungeon Crawl Stone Soup version 0.28-a0-43-g560ac104fe (webtiles) character file.

Game seed: 10710146627768252726

644 siradein the Chiller (level 7, -12/46 HPs)
             Began as a Demonspawn Ice Elementalist on July 28, 2021.
             Killed from afar by a gnoll (14 damage)
             ... with a bolt of acid
             ... on level 4 of the Dungeon.
             The game lasted 00:11:54 (4718 turns).

siradein the Chiller (Demonspawn Ice Elementalist)  Turns: 4718, Time: 00:11:54

Health: -12/46     AC: -2    Str:  8    XL:     7   Next: 27%
Magic:  10/15      EV: 12    Int: 19    God:
Gold:   117        SH:  8    Dex: 13    Spells: 5/16 levels left

rFire   . . .      SeeInvis .   m - +2 dagger (speed)
rCold   . . .      Faith    .   (no shield)
rNeg    . . .      Spirit   .   a - +0 robe
rPois   .          Reflect  .   (no helmet)
rElec   .          Harm     .   (no cloak)
rCorr   .          Rampage  .   (no gloves)
Will    .....                   (no boots)
Stlth   ++........              (no amulet)
HPRegen 0.15/turn               g - ring of flight
MPRegen 0.14/turn               (no ring)

@: corroded, flying
A: large bone plates 1, condensation shield, demonic magic 1
a: no special abilities


You were on level 4 of the Dungeon.
You visited 1 branch of the dungeon, and saw 4 of its levels.

You collected 117 gold pieces.

Inventory:

Hand Weapons
 m - a +2 dagger of speed (weapon)
Armour
 a - a +0 robe (worn)
Jewellery
 g - a ring of flight (left hand)
 k - an amulet of guardian spirit
Scrolls
 b - 4 scrolls of teleportation {unknown}
 d - a scroll of vulnerability {unknown}
 e - a scroll of noise {unknown}
 f - a scroll of enchant armour {unknown}
 h - 5 scrolls of identify {unknown}
 j - a scroll of enchant weapon {unknown}
 p - a scroll of holy word {unknown}
Potions
 c - a potion of cancellation {unknown}
 i - a potion of heal wounds {unknown}
 l - 2 potions of curing {unknown}
 n - a potion of might {unknown}
 o - a potion of magic {unknown}
 q - a potion of attraction {unknown}


   Skills:
 - Level 1.7 Dodging
 - Level 1.7 Stealth
 + Level 5.4 Spellcasting
 + Level 6.3 Ice Magic


You had 5 spell levels left.
You knew the following spells:

 Your Spells              Type           Power      Damage    Failure   Level
a - Freeze                Ice            100%       1d11      1%          1
b - Frozen Ramparts       Ice            58%        1d7       2%          3
c - Ozocubu's Armour      Ice            29%        N/A       2%          3
d - Hailstorm             Conj/Ice       17%        3d6       32%         4

Your spell library contained the following spells:

 Spells                   Type           Power      Damage    Failure   Level
 Gell's Gravitas          Tloc           2%         N/A       34%         3
 Lesser Beckoning         Tloc           2%         N/A       34%         3
 Teleport Other           Tloc           5%         N/A       34%         3


Dungeon Overview and Level Annotations

Branches:
Dungeon (4/15)
 Temple: D:4-7

Altars:

Shops:
D:4 :

Annotations:
D:4 1 transporter, Dittersdorf's ghost, novice GrFi


Innate Abilities, Weirdness & Mutations

You are partially covered in large bone plates. (SH +4)
A meltable shield of frost defends you. (SH +4)
Spells you cast may paralyse adjacent enemies.


Message History

The wall freezes the gnoll.
The gnoll closely misses you.
The wall freezes the gnoll!
You feel sick.
The wall freezes the gnoll.
The gnoll completely misses you.
The wall freezes the gnoll.
You kill the gnoll!
You feel sick.
The wall freezes the gnoll!
You block the gnoll's attack.
You feel sick.
The wall freezes the gnoll. x2
You kill the gnoll!
You feel sick.
The wall freezes the gnoll.
You feel sick.
The wall freezes the gnoll!
You kill the gnoll!
The wall freezes the gnoll.
You feel sick.
You are no longer poisoned.
The wall freezes the gnoll!
The gnoll hits you but does no damage.
The wall freezes the gnoll.
You kill the gnoll!
The wall freezes the gnoll.
The gnoll closely misses you.
The wall freezes the gnoll.
You kill the gnoll!
The frozen ramparts melt away.
A gnoll is nearby!
A gnoll is nearby!
A gnoll is nearby!
A gnoll is nearby!
Your icy armour will break if you move.
Continue?
Your icy armour cracks and falls away as you move.
There is an open translucent door here.
Things that are here:
a +0 spear; a gnoll corpse The gnoll shouts!
The gnoll zaps a wand.
The bolt of acid hits you!!
* * * LOW HITPOINT WARNING * * *
The acid corrodes you!
You are splashed with acid!
* * * LOW HITPOINT WARNING * * *
There is an open translucent door here.
Things that are here:
a +0 spear; a gnoll corpse The gnoll zaps a wand.
The bolt of acid hits you!
You die...

.≈.≈...#.#.......................
≈...≈..#...≈≈≈≈≈≈≈≈≈≈≈...≈≈≈≈≈≈≈≈
..∩..≈.##..≈≈≈≈≈≈≈≈≈≈≈...≈≈≈≈≈≈≈≈
≈...≈..##..≈≈#####...........####
.≈.≈..###..≈≈#.#.#.###.©.###.#.#W
..≈...# ##(≈≈#...###©#####.###.gg
#.##.## #.≈≈###...............##
#....# #.≈≈.8#)######'######.#8
#.#### ##.≈≈.##@#.⌠.#..8#.g.#g##
#.# #..≈≈.#..)..g..©⌠#:..'g.# ..#
#..≈≈.##.#.⌠.#..8#...#g## ###
#..≈≈.8#.######'######.#8
#..≈≈###.g.............##
#..≈≈#...###.#####.###...
#..≈≈#.#.#.###.©.###.#.#.
#########..≈≈#####...........####
...........≈≈≈≈≈≈≈≈≈≈≈≈≈≈≈≈≈≈≈≈≈≈


You could see 2 gnolls.

Vanquished Creatures
  Sigmund (D:4)
  An orc warrior (D:4)
  A scorpion (D:4)
  A water moccasin skeleton (D:4)
  An orc priest (D:3)
  A hound (D:4)
  An iguana (D:3)
  A hound skeleton (D:4)
  5 gnolls (D:4)
  4 adders
  An ufetubus (D:4)
  An adder skeleton (D:4)
  A worm (D:2)
  3 dart slugs
  6 orcs (D:3)
  6 bats
  5 endoplasms
  6 goblins
  6 hobgoblins
  7 jackals
  10 kobolds
  2 quokkas
  7 ball pythons
  A frilled lizard (D:2)
  4 rats
83 creatures vanquished.

Vanquished Creatures (others)
  6 plants (D:4)
6 creatures vanquished.

Grand Total: 89 creatures vanquished

Notes
Turn   | Place    | Note
-------+----------+-------------------------------------------
     0 | D:1      | siradein the Demonspawn Ice Elementalist began the quest
                  | for the Orb.
     0 | D:1      | Reached XP level 1. HP: 13/13 MP: 3/3
   568 | D:1      | Gained mutation: You are partially covered in large bone
                  | plates. (SH +4) [demonic ancestry]
   568 | D:1      | Reached XP level 2. HP: 19/19 MP: 1/5
   906 | D:1      | Reached skill level 4 in Ice Magic
  1509 | D:2      | Gained mutation: Spells you cast may paralyse adjacent
                  | enemies. [demonic ancestry]
  1509 | D:2      | Reached XP level 3. HP: 23/24 MP: 2/7
  2296 | D:3      | Gained mutation: A meltable shield of frost defends you.
                  | (SH +4) [demonic ancestry]
  2296 | D:3      | Reached XP level 4. HP: 30/30 MP: 6/8
  2523 | D:3      | Found a faded altar of an unknown god.
  2777 | D:3      | Reached XP level 5. HP: 35/35 MP: 8/10
  2793 | D:3      | Learned a level 3 spell: Frozen Ramparts
  2797 | D:3      | Learned a level 3 spell: Ozocubu's Armour
  2802 | D:3      | Learned a level 4 spell: Hailstorm
  3022 | D:4      | Reached skill level 5 in Ice Magic
  3114 | D:4      | Found Vyorun's Book Emporium.
  3164 | D:4      | Noticed a phantom
  3166 | D:4      | Noticed an orc warrior
  3735 | D:4      | Found a transporter.
  3766 | D:4      | Reached XP level 6. HP: 41/41 MP: 12/12
  3777 | D:4      | Killed an orc warrior
  3964 | D:4      | Found a transporter.
  3982 | D:4      | Noticed Dittersdorf's ghost (novice GrFi)
  4226 | D:4      | Noticed Sigmund
  4238 | D:4      | Killed Sigmund
  4239 | D:4      | Reached skill level 5 in Spellcasting
  4239 | D:4      | Reached skill level 6 in Ice Magic
  4239 | D:4      | Reached XP level 7. HP: 38/46 MP: 9/14
  4716 | D:4      | HP: 2/46 [acid (8)]
  4718 | D:4      | Killed from afar by a gnoll

Illustrated notes

Levels and vault maps discovered:
D:1:      dpeg_arrival_fog, layout_loops_cross
D:2:      layout_rooms, kennysheep_generic_room_7
D:3:      layout_basic, hellmonk_ecumenical_altar_leap_of_faith
D:4:      layout_loops_ring, serial_shops, nicolae_diamond_shop,
          gammafunk_ghost_gnarly_gnolls, chequers_serial_rivers_room_a,
          kennysheep_generic_room_2, uniq_sigmund

Skill      XL: |  1  2  3  4  5  6 |
---------------+-------------------+-----
Ice Magic      | 4 5 6 |  6.3
Spellcasting   | 3 4 5 |  5.4
Dodging        | |  1.7
Stealth        | |  1.7

Action                   |  1- 3 |  4- 6 |  7- 9 || total
-------------------------+-------+-------+-------++-------
Melee: Unarmed           |     1 |       |       ||     1
       Whip              |    10 |       |       ||    10
       Dagger            |     2 |    94 |     1 ||    97
 Cast: Freeze            |    62 |    45 |     3 ||   110
       Frozen Ramparts   |       |     5 |     1 ||     6
       Ozocubu's Armour  |       |       |     1 ||     1
 Stab: Paralysed         |     8 |    25 |     1 ||    34
       Sleeping          |       |     1 |       ||     1
       Distracted        |       |     1 |       ||     1
Armor: Robe              |     8 |     7 |     4 ||    19
Dodge: Dodged            |    24 |    41 |     4 ||    69
Block: Other             |     5 |    31 |     4 ||    40

Table legend: (Time is in decaauts)
 A = Elapsed time spent in this place.
 B = Non-inter-level travel time spent in this place.
 C = Inter-level travel time spent in this place.
 D = Time resting spent in this place.
 E = Time spent auto-exploring this place.
 F = Levels seen in this place.
 G = Mean time per level.
                   A        B        C        D        E       F      G
               +--------+--------+--------+--------+--------+-----+--------+
         Total |   4687 |   4473 |    214 |      0 |   3745 |   4 | 1171.8 |
       Dungeon |   4687 |   4473 |    214 |      0 |   3745 |   4 | 1171.8 |
               +--------+--------+--------+--------+--------+-----+--------+

Top non-repeatable levels by time:
     D:4: 1615 daAuts
     D:1: 1321 daAuts
     D:3: 875 daAuts
     D:2: 874 daAuts
